 Dungeon Crawl Stone Soup version 0.27.0-1-g7a089689b8 (webtiles) character file.

Game seed: 9281165281065926639

107 SnakkuSnakku7 the Sneak (level 4, -3/24 HPs)
             Began as a Vampire Hedge Wizard on Aug 12, 2021.
             Slain by a gnoll (7 damage)
             ... on level 3 of the Dungeon.
             The game lasted 00:03:16 (1379 turns).

SnakkuSnakku7 the Sneak (Vampire Hedge Wizard)      Turns: 1379, Time: 00:03:17

Health: -3/24      AC:  2    Str:  9    XL:     4   Next: 56%
Magic:  8/8        EV: 12    Int: 16    God:
Gold:   67         SH:  0    Dex: 14    Spells: 3/9 levels left

rFire    . . .     SeeInvis +   a - +2 dagger (speed)
rCold    + + +     Faith    +   (no shield)
rNeg     + + +     Spirit   .   b - +0 robe
rPois    ∞         Reflect  .   c - +0 hat
rElec    .         Harm     .   m - scarf {shadows}
rCorr    .         Rampage  .   (no gloves)
Will     .....                  (no boots)
Stlth    +++++.....             j - amulet of faith
HPRegen  0.00/turn              e - ring of protection from cold
MPRegen  0.11/turn              (no ring)

@: bloodless, inhibited regen
A: bloodless, fangs 3, see invisible, vampiric 2
a: Bat Form, Revivify


You were on level 3 of the Dungeon.
You visited 1 branch of the dungeon, and saw 3 of its levels.

You collected 67 gold pieces.

Inventory:

Hand Weapons
 a - a +2 dagger of speed (weapon)
Armour
 b - a +0 robe (worn)
 c - a +0 hat (worn)
 m - a scarf of shadows (worn)
Jewellery
 e - a ring of protection from cold (left hand)
 j - an amulet of faith (around neck)
Scrolls
 f - a scroll of enchant weapon {unknown}
 g - a scroll of noise {unknown}
 h - a scroll of fear {unknown}
 k - a scroll of fog {unknown}
 l - a scroll of enchant armour {unknown}
Potions
 d - a potion of heal wounds {unknown}
 i - a potion of attraction {unknown}


   Skills:
 - Level 2.1 Dodging
 + Level 6.4 Stealth
 - Level 3.0 Spellcasting
 - Level 0.6 Conjurations
 + Level 3.4 Hexes
 - Level 1.0 Summonings
 - Level 0.7 Translocations


You had 3 spell levels left.
You knew the following spells:

 Your Spells              Type           Power      Damage    Failure   Level
a - Magic Dart            Conj           16%        1d3       14%         1
b - Slow                  Hex            13%        N/A       7%          2
c - Mephitic Cloud        Conj/Pois/Air  3%         N/A       45%         3

Your spell library contained the following spells:

 Spells                   Type           Power      Damage    Failure   Level
 Corona                   Hex            14%        N/A       4%          1
 Summon Small Mammal      Summ           20%        N/A       12%         1
 Apportation              Tloc           8%         N/A       14%         1
 Animate Skeleton         Necr           4%         N/A       19%         1
 Call Imp                 Summ           5%         N/A       19%         2
 Blink                    Tloc           N/A        N/A       22%         2
 Conjure Flame            Conj/Fire      3%         6-21      45%         3


Dungeon Overview and Level Annotations

Branches:
Dungeon (3/15)

Altars:
Nemelex Xobeh

Shops:
D:1 *


Innate Abilities, Weirdness & Mutations

You do not regenerate when monsters are visible.
You are frail without blood (-20% HP).
You can heal yourself when you bite living creatures.
You are immune to poison.
You have razor-sharp teeth.
You have supernaturally acute eyesight. (SInv)
You are afflicted with vampirism and can become a bat while bloodless.


Message History

A hobgoblin is nearby!
The helpless hobgoblin fails to defend itself.
You bite the hobgoblin, and draw its blood!
You impale the hobgoblin!!
You kill the hobgoblin!
You open the door.
There is an open door here.
A hobgoblin comes into view.
A hobgoblin is nearby!
A hobgoblin is nearby!
Found 19 stones.
The hobgoblin shouts!
The hobgoblin closely misses you.
You hit the hobgoblin.
The hobgoblin is severely wounded.
The hobgoblin hits you.
You closely miss the hobgoblin.
You bite the hobgoblin, but do no damage.
The hobgoblin is severely wounded.
The hobgoblin barely misses you.
You hit the hobgoblin.
You kill the hobgoblin!
Found 17 stones.
You see here 17 stones.
HP restored. 3 gnolls come into view.
There are monsters nearby!
The helpless gnoll fails to defend itself.
You bite the gnoll, and draw its blood! You impale the gnoll!!
You kill the gnoll!
The gnoll barely misses you.
Things that are here:
a +0 flail; a gnoll corpse The gnoll hits you with a +0 flail.
You hit the gnoll.
The gnoll is moderately wounded.
The gnoll hits you with a +0 club! The gnoll hits you with a +0 flail!
* * * LOW HITPOINT WARNING * * *
The gnoll hits you with a +0 club!
You die...

#........####...##.#
#........#..#......#
#####........#..#....###
#......###.#.#..#....#
#......# #.#.#.......#
#......# #.#.##.##...#
#......# #.#.........#
#......# #.#..g)#....#
#......# .#.g.@........
#......# ########.####
#........ .# ##........
## ..........#
##........# ..........#
..........# .........#


You could see 2 gnolls.

Vanquished Creatures
  Jessica (D:2)
  A gnoll (D:3)
  An adder (D:2)
  2 dart slugs (D:1)
  5 endoplasms
  A giant cockroach (D:1)
  3 goblins
  4 hobgoblins
  9 jackals
  2 quokkas
  6 ball pythons
  9 bats
  2 frilled lizards (D:1)
  4 kobolds
  4 rats
54 creatures vanquished.

Notes
Turn   | Place    | Note
-------+----------+-------------------------------------------
     0 | D:1      | SnakkuSnakku7 the Vampire Hedge Wizard began the quest for
                  | the Orb.
     0 | D:1      | Reached XP level 1. HP: 13/13 MP: 4/4
   101 | D:1      | Found Voolygea's General Store.
   106 | D:1      | Reached skill level 4 in Stealth
   161 | D:1      | Reached XP level 2. HP: 15/15 MP: 6/6
   258 | D:1      | Reached skill level 5 in Stealth
   265 | D:1      | Learned a level 2 spell: Slow
   362 | D:1      | Reached skill level 1 in Hexes
   382 | D:1      | Gained mutation: You are afflicted with vampirism and can
                  | become a bat while bloodless. [Vampire growth]
   382 | D:1      | Reached XP level 3. HP: 19/19 MP: 7/7
   586 | D:2      | Learned a level 3 spell: Mephitic Cloud
   748 | D:2      | Noticed Jessica
   750 | D:2      | Killed Jessica
   751 | D:2      | Reached skill level 6 in Stealth
   751 | D:2      | Reached XP level 4. HP: 24/24 MP: 8/8
   846 | D:2      | Found a faded altar of an unknown god.
   878 | D:2      | You fall into a shaft and drop 1 floor!
   924 | D:2      | Noticed a phantom
   992 | D:3      | Found a sparkling altar of Nemelex Xobeh.
  1379 | D:3      | Slain by a gnoll

Illustrated notes

Levels and vault maps discovered:
D:1:      dpeg_arrival_pond, layout_rooms, serial_shops, shop, minmay_ruptured
D:2:      mumra_celtic_spiral_tile, layout_loops_cross,
          chequers_ecumenical_altar_island, st_stairs_14,
          minmay_indecisive_spiral, uniq_jessica
D:3:      layout_basic, nemelex_spade_bored_becter

Skill      XL: |  1  2  3  4 |
---------------+-------------+-----
Stealth        | 4 5 6 |  6.4
Hexes          | 1 2 3 |  3.4
Dodging        | |  2.1
Spellcasting   | |  3.0
Conjurations   | |  0.6
Summonings     | |  1.0
Translocations | |  0.7

Action                   |  1- 3 |  4- 6 || total
-------------------------+-------+-------++-------
Melee: Dagger            |    70 |    59 ||   129
       Bite              |     3 |     3 ||     6
 Cast: Slow              |       |     2 ||     2
 Abil: Exsanguinate      |     1 |       ||     1
 Stab: Sleeping          |    23 |     7 ||    30
       Distracted        |     1 |     1 ||     2
Armor: Robe              |     8 |    14 ||    22
Dodge: Dodged            |    19 |    36 ||    55
